 Dungeon Crawl Stone Soup version 0.28.0-45-g0d030f2227 (webtiles) character file.

Game seed: 11268687515000986283

13 GigaChad the Slasher (level 2, -2/27 HPs)
             Began as a Minotaur Chaos Knight on Apr 21, 2022.
             Was a Follower of Trog.
             Slain by Sigmund
             ... wielding a +2 scythe of venom
              (4 damage)
             ... on level 2 of the Dungeon.
             The game lasted 00:01:41 (550 turns).

GigaChad the Slasher (Minotaur Chaos Knight)         Turns: 550, Time: 00:01:42

Health: -2/27      AC:  5    Str: 16    XL:     2   Next: 24%
Magic:  1/1        EV: 11    Int:  9    God:    Trog [*.....]
Gold:   41         SH:  0    Dex:  9    Spells: 1/1 levels left

rFire   . . .      SeeInvis .   a - +0 falchion (chaos)
rCold   . . .      Faith    .   (no shield)
rNeg    . . .      Spirit   .   b - +2 leather armour
rPois   .          Reflect  .   (helmet restricted)
rElec   .          Harm     .   (no cloak)
rCorr   .          Rampage  .   (no gloves)
Will    .....                   (no boots)
Stlth   +.........              (no amulet)
HPRegen 0.09/turn               (no ring)
MPRegen 0.07/turn               (no ring)

@: no status effects
A: horns 2, retaliatory headbutt
a: Renounce Religion, Berserk


You were on level 2 of the Dungeon.
You worshipped Trog.
Trog was aware of your devotion.
You visited 1 branch of the dungeon, and saw 2 of its levels.

You collected 41 gold pieces.

Inventory:

Hand Weapons
 a - a +0 falchion of chaos (weapon)
Armour
 b - a +2 leather armour (worn)


   Skills:
 + Level 3.9 Fighting
 + Level 4.1 Long Blades
 + Level 2.7 Armour
 + Level 1.1 Dodging


You had one spell level left.
You didn't know any spells.
Your spell library was empty.

Dungeon Overview and Level Annotations

Branches:
Dungeon (2/15)

Altars:
Trog

Annotations:
D:2 Sigmund


Innate Abilities, Weirdness & Mutations

You have a pair of horns on your head.
You reflexively headbutt those who attack you in melee.


Message History

The giant cockroach bites you.
You hit the giant cockroach but do no damage.
You drain the giant cockroach.
The giant cockroach is severely wounded.
The giant cockroach barely misses you. The giant cockroach closely misses you.
You hit the giant cockroach. You burn the giant cockroach.
You kill the giant cockroach!
Trog accepts your kill.
You now have 25 gold pieces (gained 12).
You now have 41 gold pieces (gained 16).
Found a leather armour.
Sigmund the Dreaded comes into view.
He is wielding a +2 scythe of venom and wearing a +2 robe of willpower.
Sigmund shouts!
You hear an angry hiss.
Sigmund moves out of view.
Sigmund casts a spell at you. The puff of flame hits you!
Found a glowing ruby potion.
You see here a glowing ruby potion.
Sigmund hits you from afar with a +2 scythe of venom!
* * * LOW HITPOINT WARNING * * *
Unknown command.
Sigmund hits you with a +2 scythe of venom.
* * * LOW HITPOINT WARNING * * *
You hit Sigmund but do no damage. You hit Sigmund. You burn Sigmund.
You headbutt Sigmund!
Sigmund is heavily wounded.
Sigmund hits you with a +2 scythe of venom.
* * * LOW HITPOINT WARNING * * *
You closely miss Sigmund.
Sigmund is heavily wounded.
Sigmund barely misses you.
You closely miss Sigmund.
Sigmund is heavily wounded.
Sigmund closely misses you. You furiously retaliate!
You headbutt Sigmund. You closely miss Sigmund.
Sigmund is severely wounded.
You hit Sigmund. You freeze Sigmund.
Sigmund is almost dead.
Sigmund hits you with a +2 scythe of venom.
You die...

....................#
#####.#.#.##........#
#.#.#.##......... #
#.#.##.........
#.#.##........
#.#.##....# #
#.#.......#
#.#.#..#@...#
#......#@...#
###.##.#..!.#
#....#....#
###.##.#......
#..#.#......#
#..#.#......#
.[##+#......# .#
...#+#.# .# .... .#


You could see Sigmund.

Vanquished Creatures
  A bat (D:1)
  An endoplasm (D:1)
  A giant cockroach (D:2)
  3 jackals (D:1)
  3 ball pythons (D:1)
  A frilled lizard (D:1)
  2 rats
12 creatures vanquished.

Notes
Turn   | Place    | Note
-------+----------+-------------------------------------------
     0 | D:1      | GigaChad the Minotaur Chaos Knight began the quest for the
                  | Orb.
     0 | D:1      | Reached XP level 1. HP: 19/19 MP: 0/0
    40 | D:1      | XOM: silly message
   367 | D:1      | Found a faded altar of an unknown god.
   383 | D:1      | Reached skill level 4 in Long Blades
   383 | D:1      | Reached XP level 2. HP: 21/27 MP: 1/1
   392 | D:1      | Prayed at the altar of an unknown god.
   392 | D:1      | Fell from the grace of Xom
   392 | D:1      | Became a worshipper of Trog the Wrathful
   392 | D:1      | Reached * piety under Trog
   531 | D:2      | Noticed Sigmund
   546 | D:2      | HP: 1/27 [Sigmund/+2 scythe of venom (1)]
   550 | D:2      | Slain by Sigmund

Illustrated notes

Levels and vault maps discovered:
D:1:      lemuel_arrival_cross, layout_basic,
          hellmonk_ecumenical_altar_dog_temple, hex_large
D:2:      minmay_alternating_diamond, layout_basic, uniq_sigmund

Skill      XL: |  1 |
---------------+----+-----
Long Blades    | 4 |  4.1
Fighting       | |  3.9
Armour         | |  2.7
Dodging        | |  1.1

Action                   || total
-------------------------++-------
Melee: Falchion          ||    32
       Headbutt          ||     5
Armor: Leather armour    ||    17
Dodge: Dodged            ||    25
